 Dungeon Crawl Stone Soup version 0.21-a0-70-g32e1473 (webtiles) character file.

839 Kidiri the Magician (level 7, -5/38 HPs)
             Began as a Deep Elf Fire Elementalist on June 18, 2017.
             Was an Initiate of Vehumet.
             Slain by an orc warrior
             ... wielding a +0 battleaxe
              (10 damage)
             ... on level 6 of the Dungeon.
             The game lasted 00:18:32 (5247 turns).

Kidiri the Magician (Deep Elf Fire Elementalist)    Turns: 5247, Time: 00:18:33

Health: -5/38      AC:  3    Str:  5    XL:     7   Next: 67%
Magic:  9/20       EV: 12    Int: 22    God:    Vehumet [......]
Gold:   303        SH:  0    Dex: 15    Spells: 3/21 levels left

rFire    . . .     SeeInvis .   a - +2 dagger (drain)
rCold    . . .     Gourm    .   (no shield)
rNeg     . . .     Faith    .   m - +0 leather armour
rPois    .         Spirit   .   (no helmet)
rElec    .         Reflect  .   (no cloak)
rCorr    +         Harm     .   (no gloves)
MR       .....                  (no boots)
Stlth    ++........             (no amulet)
HPRegen  0.12/turn              j - ring of resist corrosion
MPRegen  0.17/turn              (no ring)

@: very slightly contaminated
A: no striking features
a: Renounce Religion


You were on level 6 of the Dungeon.
You worshipped Vehumet.
Vehumet was noncommittal.
You were not hungry.

You visited 2 branches of the dungeon, and saw 7 of its levels.

You collected 303 gold pieces.

Inventory:

Hand Weapons
 a - a +2 dagger of draining (weapon)
Armour
 m - a +0 leather armour (worn)
 s - a +0 large shield
Jewellery
 j - a ring of resist corrosion (left hand)
Scrolls
 d - a scroll of amnesia
 e - a scroll of magic mapping
 p - 3 scrolls of teleportation
 r - a scroll of immolation
 t - 3 scrolls of summoning {unknown}
Potions
 f - a potion of cancellation
 g - a potion of curing
 h - 3 potions of might
 i - 2 potions of heal wounds
 k - 3 potions of brilliance
 o - a potion of flight
 q - a potion of agility
 u - a potion of invisibility
 v - a potion of haste
Books
 b - a book of Flames

   Spells                             Type                      Level
   a - Flame Tongue                   Conjuration/Fire             1
   b - Throw Flame                    Conjuration/Fire             2
   c - Conjure Flame                  Conjuration/Fire             3
   d - Inner Flame                    Hexes/Fire                   3
   e - Sticky Flame                   Conjuration/Fire             4
   f - Fireball                       Conjuration/Fire             5
Comestibles
 c - 2 bread rations
 n - 3 meat rations


   Skills:
 + Level 1.3 Fighting
 + Level 1.3 Short Blades
 + Level 1.2 Armour
 + Level 3.2 Dodging
 - Level 2.4 Stealth
 + Level 1.0 Shields
 * Level 7.8 Spellcasting
 + Level 4.1 Conjurations
 + Level 5.2 Fire Magic


You had 3 spell levels left.
You knew the following spells:

 Your Spells              Type           Power        Failure   Level  Hunger
a - Flame Tongue          Conj/Fire      ####.        1%          1    None
b - Throw Flame           Conj/Fire      ####..       2%          2    None
c - Conjure Flame         Conj/Fire      ####....     5%          3    None
d - Inner Flame           Hex/Fire       ###.....     12%         3    None
e - Sticky Flame          Conj/Fire      ####....     19%         4    ###....
f - Fireball              Conj/Fire      ####......   45%         5    #####..


Dungeon Overview and Level Annotations

Branches:
Dungeon (6/15)             Temple (1/1) D:5

Altars:
Ashenzari
Cheibriados
Dithmenos
Elyvilon
Fedhas
Gozag
Okawaru
Qazlal
Ru
Sif Muna
Trog
Uskayaw
Vehumet
Wu Jian
Zin
The Shining One


Message History

There is a stone staircase leading down here.
The ogre burns!
The orc warrior completely misses you.
The ogre burns!
You kill the ogre!
Vehumet accepts your kill.
You hear a blaring wail to the west.
You hear a croak.
Casting: Sticky Flame
Confirm with . or Enter, or press ? or * to list all spells.
Aiming: Sticky Flame
Press: ? - help, Shift-Dir - straight line, f - orc warrior
Aim: an orc warrior, wielding a battleaxe and wearing a chain mail (moderately wounded)
You miscast Sticky Flame.
You are very lightly contaminated with residual magic.
Energy rips through your body!
Ouch! That really hurt!
The orc warrior hits you with a battleaxe!
* * * LOW HITPOINT WARNING * * *
Unknown command.
The orc warrior hits you with a battleaxe!
You die...

## ####. #
...
#.####.#
##..<##@#
##...)>o.#
#......o##
#.....).#
#.....).#
##......#
#.$>..##
#.....$.
#.......


You could see an orc warrior and an orc.

Vanquished Creatures
  A sky beast (D:5)
  An ogre (D:6)
  A phantom (D:4)
  A scorpion (D:5)
  An orc priest (D:5)
  3 hounds
  4 orc wizards
  An iguana (D:3)
  3 worker ants
  A killer bee zombie (D:5)
  A hound skeleton (D:4)
  3 gnolls (D:2)
  5 adders
  A shadow imp (D:5)
  2 adder zombies
  An adder skeleton (D:4)
  2 worms
  A leopard gecko (D:3)
  18 orcs
  7 bats
  3 giant cockroaches
  7 goblins
  A hobgoblin (D:2)
  A quokka (D:4)
  5 frilled lizards
  3 kobolds
  7 rats
85 creatures vanquished.

Notes
Turn   | Place    | Note
-------+----------+-------------------------------------------
     0 | D:1      | Kidiri the Deep Elf Fire Elementalist began the quest for the Orb.
     0 | D:1      | Reached XP level 1. HP: 10/10 MP: 6/6
   671 | D:2      | Reached XP level 2. HP: 15/15 MP: 8/8
   767 | D:2      | Reached skill level 4 in Spellcasting
   777 | D:2      | Reached XP level 3. HP: 14/19 MP: 0/10
   789 | D:2      | Learned a level 2 spell: Throw Flame
   793 | D:2      | Learned a level 3 spell: Conjure Flame
   797 | D:2      | Learned a level 3 spell: Inner Flame
  1477 | D:3      | Reached skill level 5 in Spellcasting
  1477 | D:3      | Reached XP level 4. HP: 8/24 MP: 1/13
  1486 | D:3      | Learned a level 4 spell: Sticky Flame
  2118 | D:4      | HP: 1/24 [orc wizard/puff of frost (9)]
  2134 | D:3      | Reached XP level 5. HP: 14/28 MP: 0/15
  2381 | D:4      | Reached skill level 6 in Spellcasting
  2689 | D:4      | Found a white marble altar of Elyvilon.
  2962 | D:4      | Reached XP level 6. HP: 22/32 MP: 7/17
  2969 | D:4      | Learned a level 5 spell: Fireball
  3106 | D:4      | Found a glowing golden altar of the Shining One.
  3145 | D:4      | Reached skill level 7 in Spellcasting
  3766 | D:5      | Entered Level 5 of the Dungeon
  3768 | D:5      | Noticed a sky beast
  3786 | D:5      | Killed a sky beast
  3786 | D:5      | Reached skill level 5 in Fire Magic
  3786 | D:5      | Reached XP level 7. HP: 29/37 MP: 8/19
  3795 | D:5      | Found a staircase to the Ecumenical Temple.
  3801 | Temple   | Entered the Ecumenical Temple
  4036 | Temple   | Became a worshipper of Vehumet
  4080 | D:5      | Reached skill level 1 in Armour
  4289 | D:5      | Reached skill level 1 in Fighting
  4361 | D:5      | Reached skill level 1 in Short Blades
  4906 | D:5      | Reached skill level 1 in Shields
  5247 | D:6      | Slain by an orc warrior

Vault maps used:
D:1:      erik_arrival_triangle_large
D:4:      elyvilon_altar_5, lemuel_doored_altar
D:5:      minmay_temple_entry_enclosed_plants, first_bread
D:6:      minitemple, minivault_23
Temple:   eino_temple_water

Skill      XL: |  1  2  3  4  5  6  7 |
---------------+----------------------+-----
Spellcasting   | 4 5 6 7 |  7.8
Conjurations   | 2 3 4 |  4.1
Fire Magic     | 4 5 |  5.2
Armour         | 1 |  1.2
Fighting       | 1 |  1.3
Short Blades   | 1 |  1.3
Dodging        | 3 |  3.2
Shields        | 1 |  1.0
Stealth        | |  2.4

Action                   |  1- 3 |  4- 6 |  7- 9 || total
-------------------------+-------+-------+-------++-------
Melee: Short sword       |     2 |       |       ||     2
       Dagger            |     5 |    49 |    18 ||    72
 Cast: Flame Tongue      |    59 |    48 |    26 ||   133
       Throw Flame       |     3 |     1 |     1 ||     5
       Inner Flame       |       |     5 |     1 ||     6
       Conjure Flame     |       |     2 |     1 ||     3
       Sticky Flame      |       |     8 |     3 ||    11
  Use: Scroll            |     5 |     8 |     5 ||    18
       Potion            |     1 |     2 |       ||     3
 Stab: Sleeping          |     3 |       |     1 ||     4
  Eat: Chunk             |     2 |     8 |     3 ||    13
       Royal jelly       |       |       |     1 ||     1
Armor: Robe              |     4 |       |       ||     4
       Leather armour    |       |    10 |     1 ||    11
Dodge: Dodged            |    31 |    63 |    18 ||   112
